 Dungeon Crawl Stone Soup version 0.31.0-9-g3a7656b989 (webtiles) character file.

Game seed: 15288453848484081352

1381 qw the Skirmisher (level 8, -3/46 HPs)
             Began as a Deep Elf Hunter on Feb 3, 2024.
             Was a Follower of Okawaru.
             Incinerated by a bombardier beetle (6 damage)
             ... with a burning spray
             ... on level 6 of the Dungeon.
             The game lasted 00:00:22 (4512 turns).

qw the Skirmisher (Deep Elf Hunter)                 Turns: 4512, Time: 00:00:22

Health: -3/46      AC: 15    Str: 10    XL:     8   Next: 39%
Magic:  12/12      EV: 12    Int: 15    God:    Okawaru [*.....]
Gold:   190        SH:  0    Dex: 18    Spells: 7/7 levels left

rFire   x x .        a - +1 shortbow
rCold   x x .        (shield currently unavailable)
rNeg    . . .        b - +0 ring mail
rPois   +            (no helmet)
rElec   .            (no cloak)
rCorr   .            g - +1 pair of gloves
SInv    .            (no boots)
Will    .....        i - amulet of Elemental Vulnerability {rPois rF-- rC-- AC+8}
Stlth   +            (no ring)
HPRegen 0.27/turn    (no ring)
MPRegen 0.13/turn

%: no passive effects
@: on fire, glowing
A: no striking features
a: Renounce Religion, Heroism


You were on level 6 of the Dungeon.
You worshipped Okawaru.
Okawaru was aware of your devotion.
You visited 2 branches of the dungeon, and saw 7 of its levels.

You collected 190 gold pieces.


   Skills:
 - Level 3.0 Fighting
 + Level 12.2 Ranged Weapons
 - Level 1.4 Armour
 - Level 4.0 Dodging
 - Level 1.2 Stealth
 + Level 3.6 Invocations


You had 7 spell levels left.
You didn't know any spells.
Your spell library was empty.

Inventory:

Hand Weapons
 a - a +1 shortbow (weapon)
Armour
 b - a +0 ring mail (worn)
 g - a +1 pair of gloves (worn)
 s - a +2 leather armour of fire resistance
Jewellery
 h - an amulet of regeneration
 i - the amulet of Elemental Vulnerability (around neck) {rPois rF-- rC-- AC+8}
   (You found it on level 2 of the Dungeon)

   [amulet of nothing]

   AC+8:      It affects your AC (+8).
   rF--:      It makes you very vulnerable to fire.
   rC--:      It makes you very vulnerable to cold.
   rPois:     It protects you from poison
Wands
 c - a wand of flame (21)
 d - a wand of iceblast (16)
Scrolls
 r - 2 scrolls of teleportation
Potions
 e - 3 potions of mutation
 k - 2 potions of curing
 l - a potion of attraction {unknown}
 p - a potion of heal wounds {unknown}

Dungeon Overview and Level Annotations

Branches:
Dungeon (6/15)             Temple (1/1) D:4

Altars:
Ashenzari
Cheibriados
Fedhas
Gozag
Hepliaklqana
Kikubaaqudgha
Makhleb
Okawaru
Qazlal
Ru
Sif Muna
Trog
Uskayaw
Vehumet
Wu Jian
Xom
Zin
The Shining One

Annotations:
D:2 1 runed translucent door, Crazy Yiuf
D:4 1 runed translucent door, qw's ghost, amateur SpHu


Message History

You shoot an arrow. The arrow hits the iguana!
The iguana is severely wounded.
The iguana hisses menacingly.
You shoot an arrow. The arrow hits the iguana.
You kill the iguana!
Okawaru accepts your kill.
Your Dodging skill increases to level 4!
A bombardier beetle comes into view.
You shoot an arrow. The arrow hits the bombardier beetle!
The bombardier beetle is moderately wounded.
You shoot an arrow. The arrow hits the bombardier beetle.
The bombardier beetle is severely wounded.
You shoot an arrow.
The arrow closely misses the bombardier beetle.
You shoot an arrow.
The arrow barely misses the bombardier beetle.
The bombardier beetle sprays incendiary fluid at you.
The burning spray hits you.
You are covered in liquid fire!
You shoot an arrow. The arrow hits the bombardier beetle!
You kill the bombardier beetle!
Okawaru accepts your kill. The liquid fire burns you!
You are on fire!
The liquid fire burns you!
You are on fire!
The liquid fire burns you!
You are on fire!
The liquid fire burns you!
You are on fire!
The liquid fire burns you!
You are on fire!
The liquid fire burns you!
You are on fire!
The liquid fire burns you!
You are on fire!
The liquid fire burns you!
You are on fire!
The liquid fire burns you!
You die...

# ## .# #.. # ####.
....#..... .
....#.#..###..#
......$....%...
....#.#@.###..#
............... #.
............... #.
..#####..####..
#.#### #...#.P# .
#.#..# +...#..#
#.#..# ###)#.P#+##. #
#.#'#####............
#
#....................


There were no monsters in sight!

Vanquished Creatures
  Sigmund (D:2)
  2 black bears (D:5)
  2 ogres (D:5)
  2 phantoms
  A scorpion (D:4)
  2 bombardier beetles
  4 hounds
  A jelly (D:5)
  An orc priest (D:4)
  A sleepcap (D:5)
  Terence (D:3)
  Jessica (D:3)
  5 iguanas
  2 orc wizards
  A gnoll (D:5)
  4 adders
  A white imp (D:5)
  4 dart slugs
  2 ribbon worms
  13 orcs
  6 ball pythons
  3 bats (D:2)
  6 endoplasms
  2 giant cockroaches (D:2)
  10 goblins
  13 hobgoblins
  2 quokkas
  3 frilled lizards
  11 kobolds
  6 rats
113 creatures vanquished.

Notes
Turn   | Place    | Note
-------+----------+-------------------------------------------
     0 | D:1      | qw the Deep Elf Hunter began the quest for the Orb.
     0 | D:1      | Reached XP level 1. HP: 12/12 MP: 3/3
     0 | D:1      | 0 ||| qw: Version: 0.3-a-155-g5e7d8dd
     0 | D:1      | 0 ||| qw: Game counter: 3013
     0 | D:1      | 0 ||| qw: Melee chars always use a shield: true
     0 | D:1      | 0 ||| qw: God list: Okawaru
     0 | D:1      | 0 ||| qw: Allow faded altars: false
     0 | D:1      | 0 ||| qw: Do Orc after clearing Dungeon:15 true
     0 | D:1      | 0 ||| qw: Do second Lair branch before Depths: true
     0 | D:1      | 0 ||| qw: Lair rune preference: random
     0 | D:1      | 0 ||| qw: Goals: Normal
     0 | D:1      | 0 ||| PLANNING D:1-11
   234 | D:1      | Reached skill level 6 in Ranged Weapons
   234 | D:1      | Reached XP level 2. HP: 16/16 MP: 4/4
   706 | D:1      | 706 ||| UPGRADING to +0 pair of gloves.
   711 | D:1      | 711 ||| UPGRADING to amulet of regeneration.
   716 | D:1      | 716 ||| DROPPING +6 ring of intelligence.
   717 | D:1      | 717 ||| READING scroll labelled OZOLOAFOUNN.
   717 | D:1      | 717 ||| IDENTIFYING silvery potion
   718 | D:1      | 718 ||| READING scroll labelled OJETHE LAK.
   719 | D:1      | 719 ||| READING scroll labelled QIHESE NU DOL.
   723 | D:1      | 723 ||| DROPPING scroll of butterflies.
   748 | D:2      | 748 ||| RETREEEEATING.
   782 | D:2      | Noticed Sigmund
   785 | D:2      | 785 ||| RETREEEEATING.
   789 | D:2      | Killed Sigmund
   790 | D:2      | Reached skill level 8 in Ranged Weapons
   790 | D:2      | Reached XP level 3. HP: 11/20 MP: 5/5
   790 | D:2      | Reached XP level 4. HP: 14/25 MP: 6/6
   790 | D:2      | Reached XP level 5. HP: 17/29 MP: 7/7
   805 | D:2      | Found the amulet of Elemental Vulnerability {rPois rF--
                  | rC-- AC+8}
   871 | D:2      | Found a runed translucent door.
   872 | D:2      | Noticed Crazy Yiuf
   995 | D:2      | Reached skill level 9 in Ranged Weapons
  1113 | D:2      | Found a faded altar of an unknown god.
  1267 | D:2      | Reached skill level 3 in Dodging
  1442 | D:2      | 1442 ||| UPGRADING to amulet of Elemental Vulnerability
                  | {rPois rF-- rC-- AC+8}.
  1452 | D:2      | 1452 ||| READING 2 scrolls labelled OSTRUL QOONIRI.
  1453 | D:2      | 1453 ||| READING 2 scrolls labelled GOGUCAE VIBAU.
  1454 | D:2      | 1454 ||| DROPPING scroll of fog.
  1455 | D:2      | 1455 ||| DROPPING scroll of poison.
  1551 | D:3      | Noticed Terence
  1561 | D:3      | Killed Terence
  1972 | D:3      | Noticed Jessica
  1979 | D:3      | Killed Jessica
  1980 | D:3      | Reached XP level 6. HP: 21/35 MP: 8/8
  2349 | D:3      | 2349 ||| UPGRADING to +0 ring mail.
  2359 | D:3      | 2359 ||| DROPPING +0 leather armour.
  2360 | D:3      | 2360 ||| READING scroll of identify.
  2360 | D:3      | 2360 ||| IDENTIFYING orange potion
  2361 | D:3      | 2361 ||| READING scroll labelled QAOMIY TEUS.
  2362 | D:3      | 2362 ||| READING scroll labelled NIDAESSUXIE.
  2362 | D:3      | 2362 ||| ENCHANTING +0 shortbow.
  2363 | D:3      | 2363 ||| DRINKING 2 white potions.
  2364 | D:3      | 2364 ||| DROPPING potion of berserk rage.
  2531 | D:4      | Found a staircase to the Ecumenical Temple.
  2532 | D:4      | 2532 ||| PLANNING TEMPLE
  2533 | D:4      | 2533 ||| READING scroll labelled MITAGIOXTI.
  2542 | Temple   | Entered the Ecumenical Temple
  2543 | Temple   | 2543 ||| PLANNING D:1-11
  2697 | D:4      | Found a runed translucent door.
  2700 | D:4      | Noticed qw's ghost (amateur SpHu)
  2784 | D:4      | Reached skill level 10 in Ranged Weapons
  2891 | D:4      | Found an iron altar of Okawaru.
  2892 | D:4      | 2892 ||| PLANNING OKAWARU WORSHIP
  2896 | D:4      | Found a shimmering blue altar of Sif Muna.
  2911 | D:4      | Reached skill level 1 in Armour
  2924 | D:4      | Became a worshipper of Warmaster Okawaru
  2925 | D:4      | 2925 ||| PLANNING D:1-11
  3041 | D:4      | Reached XP level 7. HP: 36/40 MP: 9/9
  3426 | D:5      | Entered Level 5 of the Dungeon
  3454 | D:5      | Reached skill level 11 in Ranged Weapons
  3474 | D:5      | 3474 ||| FLEEEEING.
  3475 | D:5      | 3475 ||| FLEEEEING.
  3481 | D:5      | 3481 ||| FLEEEEING.
  3485 | D:5      | 3485 ||| FLEEEEING.
  3956 | D:5      | Reached * piety under Okawaru
  3957 | D:5      | Reached skill level 12 in Ranged Weapons
  4044 | D:5      | Reached skill level 1 in Invocations
  4044 | D:5      | Reached XP level 8. HP: 45/45 MP: 9/11
  4170 | D:5      | Reached skill level 3 in Fighting
  4355 | D:5      | Reached skill level 3 in Invocations
  4424 | D:5      | 4424 ||| DROPPING +0 robe of resistance.
  4425 | D:5      | 4425 ||| READING 2 scrolls of identify.
  4425 | D:5      | 4425 ||| IDENTIFYING murky orange potion
  4426 | D:5      | 4426 ||| READING scroll of identify.
  4426 | D:5      | 4426 ||| IDENTIFYING yellow potion
  4427 | D:5      | 4427 ||| READING scroll labelled LISINNIOKU.
  4428 | D:5      | 4428 ||| READING scroll labelled UNWEPY WENIMU.
  4428 | D:5      | 4428 ||| ENCHANTING +0 pair of gloves.
  4429 | D:5      | 4429 ||| DROPPING potion of invisibility.
  4430 | D:5      | 4430 ||| DROPPING potion of lignification.
  4510 | D:6      | HP: 8/46 [burnt (4)]
  4511 | D:6      | HP: 3/46 [burnt (6)]
  4512 | D:6      | Incinerated by a bombardier beetle

Levels and vault maps discovered:
D:1:      minmay_arrival_hallway, layout_basic
D:2:      layout_basic, dreamdust_ecumenical_altar_angels_and_demons,
          grunt_ministairs_10, minmay_misc_feat_ornament, minmay_crystal_room,
          minmay_close_crescents, uniq_crazy_yiuf_cottage, uniq_sigmund
D:3:      layout_loops_ring, minmay_misc_feat_rows, chequers_mini_garden,
          uniq_terence, uniq_jessica
D:4:      layout_loops_cross, mainiacjoe_overflow_catwalk_spiral,
          minmay_temple_entry_grid, ebering_ghost_sewer_d, minivault_11
D:5:      layout_basic, glass_columns_c, chequers_serial_rivers_micro_e,
          minmay_diced_spiral
D:6:      corexii_shack_village, layout_basic, grunt_temple_overflow_cloverleaf
Temple:   compressed_dpeg_triangle_lava_temple

Skill      XL: |  1  2  3  4  5  6  7  8 |
---------------+-------------------------+-----
Ranged Weapons | 6 8 9 10 12 | 12.2
Dodging        | 3 4 |  4.0
Fighting       | 2 3 |  3.0
Armour         | 1 |  1.4
Invocations    | 1 3 |  3.6
Stealth        | |  1.2

Action                     |  1- 3 |  4- 6 |  7- 9 || total
---------------------------+-------+-------+-------++-------
   Fire: Shortbow          |    37 |   195 |   190 ||   422
    Use: Scroll            |     3 |     6 |     4 ||    13
         Potion            |       |     1 |       ||     1
 Armour: Leather armour    |     4 |    23 |       ||    27
         Ring mail         |       |    30 |    44 ||    74
  Dodge: Dodged            |    11 |    42 |    46 ||    99

Table legend:
 A = Non-vault XP
 B = Vault XP
 C = Vault XP percentage of total XP
 D = Non-vault monster count
 E = Vault monster count
 F = Vault count percentage of total count
                 A         B        C        D         E       F
            +---------+---------+-------+---------+---------+-------
      Total |    1428 |     545 |  27.6 |      92 |      21 |  18.6
            +---------+---------+-------+---------+---------+-------
        D:1 |      23 |       0 |   0.0 |      13 |       0 |   0.0
        D:2 |      54 |     233 |  81.2 |      26 |       7 |  21.2
        D:3 |     102 |      75 |  42.4 |      16 |       2 |  11.1
        D:4 |     421 |       0 |   0.0 |      17 |       0 |   0.0
        D:5 |     744 |     223 |  23.1 |      18 |       5 |  21.7
        D:6 |      84 |      14 |  14.3 |       2 |       7 |  77.8
            +---------+---------+-------+---------+---------+-------
